 Dungeon Crawl Stone Soup version 0.32-a0-468-g38b2580584 (webtiles) character file.

Game seed: 3254061118817115098

1157 Goblin1989 the Cleaver (level 8, 0/72 HPs)
             Began as a Naga Berserker on Feb 25, 2024.
             Was a Believer of Trog.
             Slain by a gnoll
             ... wielding a +0 spear
              (3 damage)
             ... on level 5 of the Dungeon.
             The game lasted 00:05:57 (3836 turns).

Goblin1989 the Cleaver (Naga Berserker)             Turns: 3836, Time: 00:05:58

Health: 0/72       AC:  7    Str: 21    XL:     8   Next: 39%
Magic:  8/8        EV:  8    Int:  7    God:    Trog [**....]
Gold:   258        SH:  0    Dex: 12    Spells: 7/7 levels left

rFire   . . .        a - +0 hand axe
rCold   + . .        (no shield)
rNeg    . . .        o - +0 scale mail
rPois   +            f - +0 helmet
rElec   .            (no cloak)
rCorr   .            (no gloves)
SInv    +            (no barding)
Will    +....        (no amulet) Stlth
                     g - ring of protection from cold
HPRegen 0.32/turn    (no ring)
MPRegen 0.11/turn

%: no passive effects
@: on berserk cooldown, slowed, very slow
A: AC +2, large, see invisible, deformed body, poison resistance, slowness 2,
spit poison 1, naga tail 1
a: Spit Poison, Renounce Religion, Berserk, Trog's Hand


You were on level 5 of the Dungeon.
You worshipped Trog.
Trog was pleased with you.
You visited 1 branch of the dungeon, and saw 5 of its levels.

You collected 258 gold pieces.

Inventory:

Hand Weapons
 a - a +0 hand axe (weapon)
Armour
 f - a +0 helmet (worn)
 j - a +0 chain mail
 o - a +0 scale mail (worn)
Jewellery
 g - a ring of protection from cold (left hand)
Scrolls
 c - 2 scrolls of teleportation {unknown}
 d - 3 scrolls of enchant armour {unknown}
 e - a scroll of fog {unknown}
 i - a scroll of silence {unknown}
 k - 2 scrolls of identify {unknown}
 p - a scroll of poison {unknown}
 q - a scroll of enchant weapon {unknown}
Potions
 h - a potion of lignification {unknown}
 l - a potion of curing {unknown}
 m - a potion of attraction {unknown}
 n - a potion of haste {unknown}
 r - a potion of might {unknown}
 s - a potion of invisibility {unknown}


   Skills:
 + Level 4.0 Fighting
 * Level 9.1 Axes
 + Level 2.6 Armour
 + Level 2.6 Dodging


You had 7 spell levels left.
You didn't know any spells.
Your spell library was empty.

Dungeon Overview and Level Annotations

Branches:
Dungeon (5/15) Zot: 25248  Temple (0/1) D:4

Altars:
Makhleb

Annotations:
D:3 1 runed translucent door, Crazy Yiuf


Innate Abilities, Weirdness & Mutations

Your serpentine skin is tough. (AC +2)
You have supernaturally acute eyesight. (SInv)
Armour fits poorly on your strangely shaped body.
Your system is resistant to poisons. (rPois)
You cover ground very slowly.
You can spit poison.
You have a snake-like lower body.


Message History

You are too injured to fight recklessly!
You are too injured to fight recklessly!
You are too injured to fight recklessly!
You are too injured to fight recklessly!
You are too injured to fight recklessly!
You are too injured to fight recklessly!
You are too injured to fight recklessly!
You are too injured to fight recklessly!
You are too injured to fight recklessly!
You are too injured to fight recklessly!
You are too injured to fight recklessly!
You are too injured to fight recklessly!
You are too injured to fight recklessly!
You are too injured to fight recklessly!
You are too injured to fight recklessly!
You are too injured to fight recklessly!
You are too injured to fight recklessly!
You are too injured to fight recklessly!
You are too injured to fight recklessly!
You are too injured to fight recklessly!
You are too injured to fight recklessly!
You are too injured to fight recklessly!
You are too injured to fight recklessly!
You are too injured to fight recklessly!
You are too injured to fight recklessly!
You are too injured to fight recklessly!
You are too injured to fight recklessly!
You are too injured to fight recklessly!
You are too injured to fight recklessly!
You are too injured to fight recklessly!
You are too injured to fight recklessly!
You hit the gnoll.
The gnoll is severely wounded.
The gnoll completely misses you. The gnoll barely misses you.
You hit the gnoll.
The gnoll is almost dead.
The gnoll hits you with a +0 spear.
The gnoll hits you from afar with a +0 spear.
* * * LOW HITPOINT WARNING * * *
You take 10 damage, and have 29/72 hp.
You hit the gnoll.
You kill the gnoll!
Trog accepts your kill.
The gnoll hits you from afar with a +0 spear!
* * * LOW HITPOINT WARNING * * *
You take 7 damage, and have 22/72 hp.
A red film seems to cover your vision as you go berserk!
You feel yourself moving faster!
You feel mighty!
The gnoll throws a throwing net.
The throwing net hits you.
You become entangled in the net!
You now have 34/108 hp.
You tear a large gash into the net.
You feel a strong urge to attack something.
You struggle against the net.
The gnoll hits you from afar with a +0 spear.
* * * LOW HITPOINT WARNING * * *
You take 6 damage, and have 28/108 hp.
You rip the net and break free!
You feel your anger nearly subside. The gnoll hits you but does no damage.
You are no longer berserk.
You are exhausted.
You feel yourself slow down. The gnoll hits you with a +0 spear.
* * * LOW HITPOINT WARNING * * *
You see here a +0 spear.
You now have 18/72 hp.
You barely miss the gnoll. The gnoll hits you with a +0 spear.
* * * LOW HITPOINT WARNING * * *
You take 4 damage, and have 14/72 hp.
You barely miss the gnoll. The gnoll hits you but does no damage.
You hit the gnoll.
The gnoll is lightly wounded.
The gnoll barely misses you.
You hit the gnoll.
The gnoll is heavily wounded.
The gnoll hits you with a +0 spear.
* * * LOW HITPOINT WARNING * * *
The gnoll hits you with a +0 spear.
* * * LOW HITPOINT WARNING * * *
You take 4 damage, and have 11/72 hp.
You hit the gnoll.
The gnoll is heavily wounded.
The gnoll closely misses you.
You hit the gnoll.
The gnoll is almost dead.
The gnoll hits you with a +0 spear.
* * * LOW HITPOINT WARNING * * *
You take 4 damage, and have 7/72 hp.
You barely miss the gnoll.
The gnoll is almost dead.
The gnoll hits you with a +0 spear.
* * * LOW HITPOINT WARNING * * *
You take 5 damage, and have 2/72 hp.
You barely miss the gnoll.
The gnoll is almost dead.
The gnoll hits you but does no damage. The gnoll misses you.
You completely miss the gnoll.
The gnoll is severely wounded.
The gnoll hits you with a +0 spear.
You die... █.█ █.█.█ █.█ █...██ █.█ █.█... █.█ █.█.██ ████████.█████████.█.█ ...................█.█ ██████.████████████.█ ████████)████████

█.█
.......@.........████.██
......g.....?...........
████████.███.███..███.██
█.█ █.████..██.██ █.█
█............ █.█
█.█████.██.██ ..█
█.█████.███.. .█
█............
██████.......


You could see a gnoll.

Vanquished Creatures
  Grinder (D:3)
  Sigmund (D:3)
  A water moccasin (D:5)
  An ogre (D:5)
  A kobold brigand (D:3)
  4 scorpions
  2 hounds
  A bombardier beetle (D:3)
  An orc wizard (D:5)
  7 gnolls
  6 adders
  A white imp (D:5)
  2 dart slugs
  10 orcs
  2 endoplasms
  A giant cockroach (D:2)
  9 hobgoblins
  3 jackals (D:2)
  7 kobolds
  2 quokkas
  8 ball pythons
  A bat (D:3)
  7 frilled lizards
  3 goblins
  A rat (D:1)
83 creatures vanquished.

Notes
Turn   | Place    | Note
-------+----------+-------------------------------------------
     0 | D:1      | Goblin1989 the Naga Berserker began the quest for the Orb.
     0 | D:1      | Reached XP level 1. HP: 21/21 MP: 1/1
   151 | D:1      | Reached XP level 2. HP: 24/28 MP: 2/2
   471 | D:2      | Found a burning altar of Makhleb.
   636 | D:2      | Reached skill level 4 in Axes
   886 | D:2      | Reached XP level 3. HP: 26/34 MP: 3/3
   996 | D:2      | Reached ** piety under Trog
  1163 | D:3      | Noticed Sigmund
  1178 | D:3      | Killed Sigmund
  1179 | D:3      | Reached skill level 6 in Axes
  1179 | D:3      | Reached XP level 4. HP: 24/42 MP: 4/4
  1179 | D:3      | Reached XP level 5. HP: 27/49 MP: 5/5
  1368 | D:3      | Noticed Grinder
  1380 | D:3      | Killed Grinder
  1381 | D:3      | Reached skill level 7 in Axes
  1381 | D:3      | Reached XP level 6. HP: 37/56 MP: 6/6
  1581 | D:3      | Reached XP level 7. HP: 58/62 MP: 7/7
  1746 | D:3      | Found a runed translucent door.
  1747 | D:3      | Noticed Crazy Yiuf
  1922 | D:3      | Reached skill level 8 in Axes
  2902 | D:4      | Found a staircase to the Ecumenical Temple.
  3103 | D:4      | Identified the serpent talisman "Umumegyx" {rF+ rC- Str+3}
  3162 | D:5      | Entered Level 5 of the Dungeon
  3185 | D:5      | Reached XP level 8. HP: 32/70 MP: 8/8
  3658 | D:5      | Reached skill level 9 in Axes
  3834 | D:5      | HP: 2/72 [gnoll/+0 spear (6)]
  3836 | D:5      | Slain by a gnoll

Illustrated notes

Levels and vault maps discovered:
D:1:      amcnicky_arrival_flooded_fountain, layout_basic
D:2:      layout_rooms, basic_altar, minmay_lizard_pond
D:3:      cheibrodos_helix_gallery, layout_loops_ring, grunt_decor_arrowhead,
          uniq_crazy_yiuf_cottage, uniq_grinder, uniq_sigmund
D:4:      layout_rooms, temple_doors_cd, chequers_serial_rivers_large_b
D:5:      layout_basic, lemuel_flamethrower_2

Skill      XL: |  1  2  3  4  5  6  7  8 |
---------------+-------------------------+-----
Axes           | 4 6 7 8 9 |  9.1
Armour         | 2 |  2.6
Dodging        | 2 |  2.6
Fighting       | 4 |  4.0

Action                     |  1- 3 |  4- 6 |  7- 9 || total
---------------------------+-------+-------+-------++-------
  Melee: Hand axe          |   104 |    25 |   194 ||   323
 Invoke: Berserk           |     1 |     2 |     4 ||     7
         Trog's Hand       |       |     1 |       ||     1
Ability: Spit Poison       |     1 |       |       ||     1
   Stab: Sleeping          |     1 |       |       ||     1
 Armour: Animal skin       |    33 |       |       ||    33
         Chain mail        |    48 |    24 |    28 ||   100
         Scale mail        |       |       |   158 ||   158
  Dodge: Dodged            |    41 |    10 |    62 ||   113

Table legend: (Time is in decaauts)
 A = Elapsed time spent in this place.
 B = Non-inter-level travel time spent in this place.
 C = Inter-level travel time spent in this place.
 D = Time resting spent in this place.
 E = Time spent auto-exploring this place.
 F = Levels seen in this place.
 G = Mean time per level.
                   A        B        C        D        E       F      G
               +--------+--------+--------+--------+--------+-----+--------+
         Total |   4750 |   4497 |    253 |    405 |   3388 |   5 |  950.0 |
       Dungeon |   4750 |   4497 |    253 |    405 |   3388 |   5 |  950.0 |
               +--------+--------+--------+--------+--------+-----+--------+

Top non-repeatable levels by time:
     D:3: 1825 daAuts
     D:2: 897 daAuts
     D:4: 878 daAuts
     D:1: 585 daAuts
     D:5: 562 daAuts
